 Dungeon Crawl Stone Soup version 0.24-a0-201-gf205589 (webtiles) character file.

Game seed: 3761372459543039372

6 Ivan the Firebug (level 1, -1/11 HPs)
             Began as an Octopode Wanderer on Mar 24, 2019.
             Killed from afar by a dart slug (5 damage)
             ... with a slug dart
             ... on level 1 of the Dungeon.
             The game lasted 00:00:59 (34 turns).

Ivan the Firebug (Octopode Wanderer)                  Turns: 34, Time: 00:01:00

Health: -1/11      AC:  1    Str: 11    XL:     1   Next: 90%
Magic:  2/2        EV: 12    Int: 15    God:
Gold:   0          SH:  0    Dex: 10    Spells: 1/2 levels left

rFire    . . .     SeeInvis .   a - +0 club
rCold    . . .     Gourm    .   (no shield)
rNeg     . . .     Faith    .   (helmet restricted)
rPois    .         Spirit   .   (no amulet)
rElec    .         Reflect  .   (no ring)
rCorr    .         Harm     .   (no ring)
MR       .....                  (no ring)
Stlth    +++.......             (no ring)
HPRegen  0.03/turn              (no ring)
MPRegen  0.08/turn              (no ring)
                                (no ring)
                                (no ring)

@: no status effects
A: almost no armour, stealthy swim, amphibious, 8 rings, constrict 8, camouflage
1, gelatinous body 1
a: no special abilities


You were on level 1 of the Dungeon.
You were not hungry.

You visited 1 branch of the dungeon, and saw 1 of its levels.

Inventory:

Hand Weapons
 a - a +0 club (weapon)
Scrolls
 c - a scroll of teleportation
Comestibles
 f - a ration


   Skills:
 + Level 1.0 Dodging
 + Level 1.3 Stealth
   Level 2.0 Shields
 + Level 1.2 Unarmed Combat
 + Level 1.0 Spellcasting
 + Level 1.0 Conjurations
 + Level 3.3 Fire Magic


You had one spell level left.
You knew the following spells:

 Your Spells              Type           Power        Failure   Level  Hunger
a - Flame Tongue          Conj/Fire      #....        10%         1    ##.....

Your spell library contained the following spells:

 Spells                   Type           Power        Failure   Level  Hunger
 Throw Flame              Conj/Fire      #.....       16%         2    ###....
 Conjure Flame            Conj/Fire      #.......     30%         3    ####...
 Passwall                 Tmut/Erth      #.......     36%         2    ###....
 Sticks to Snakes         Tmut           #.......     36%         2    ###....
 Inner Flame              Hex/Fire       #.......     36%         3    ####...
 Sticky Flame             Conj/Fire      #.......     69%         4    #####..
 Fireball                 Conj/Fire      #.........   95%         5    ######.


Dungeon Overview and Level Annotations

Branches:
Dungeon (1/15)

Altars:


Innate Abilities, Weirdness & Mutations

You cannot wear most types of armour.
You are very stealthy in the water. (Stealth+)
You are amphibious.
You can wear up to eight rings at the same time.
You can use your tentacles to constrict eight enemies at once.
Your skin changes colour to match your surroundings (Stealth+).
Your rubbery body absorbs attacks. (AC +1, EV +1)


Message History

The jackal bites you.
* * * LOW HITPOINT WARNING * * *
The jackal barely misses you. The jackal closely misses you.
You hit the jackal. You grab the jackal.
The jackal is severely wounded.
You constrict the jackal. The jackal barely misses you.
You barely miss the jackal.
The jackal is almost dead.
You constrict the jackal.
You kill the jackal!
The jackal misses you.
A dart slug comes into view.
You hit the jackal but do no damage. Your grab misses the jackal.
The jackal closely misses you.
A rat comes into view.
The jackal closely misses you. The dart slug launches a dart at you.
The slug dart hits you.
You die...

### ### ....... ...
.... .......
......### .......
##...... ....... .#
#...#... .......
...#...... ....r.(
##[....#w####....##
..........@hbh....#
......(..†#######...
#....#.#...#
#########.###.....
#.....).....#+####
#...........#
#...#..#..#.#
#........≈..+
#<........8.#


You could see a dart slug, 2 jackals, a bat and a rat.

Vanquished Creatures
  A leopard gecko (D:1)
  A hobgoblin (D:1)
  2 jackals (D:1)
4 creatures vanquished.

Notes
Turn   | Place    | Note
-------+----------+-------------------------------------------
     0 | D:1      | Ivan the Octopode Wanderer began the quest for the Orb.
     0 | D:1      | Ivan set off with the following items: a +0 club, a scroll
                  | of teleportation, a ration; and the following spell
                  | memorised: Flame Tongue; and the following spells available
                  | to memorise: Throw Flame, Conjure Flame, Passwall, Sticks
                  | to Snakes, Inner Flame, Sticky Flame, Fireball
     0 | D:1      | Reached XP level 1. HP: 11/11 MP: 2/2
    34 | D:1      | Killed from afar by a dart slug

Levels and vault maps discovered:
D:1:      shiori_arrival_oz, layout_rooms

Action                   || total
-------------------------++-------
Melee: Club              ||    10
       Constrict         ||     4
       Tentacles         ||     3
Armor: Skin              ||     1
Dodge: Dodged            ||    10

Table legend:
 A = Non-vault XP
 B = Vault XP
 C = Vault XP percentage of total XP
 D = Non-vault monster count
 E = Vault monster count
 F = Vault count percentage of total count
                 A         B        C        D         E       F
            +---------+---------+-------+---------+---------+-------
      Total |       9 |       0 |   0.0 |       4 |       0 |   0.0
            +---------+---------+-------+---------+---------+-------
        D:1 |       9 |       0 |   0.0 |       4 |       0 |   0.0
            +---------+---------+-------+---------+---------+-------
